 Dungeon Sprint DCSS version 0.27.0-65-ge2af304b15 (webtiles) character file.

Game seed: 17312966246930206457

1461 JuniperTheExplorer the Fighter (level 8, -9/66 HPs)
             Began as an Octopode Fighter on Aug 18, 2021.
             Mangled by a hornet (18 damage)
             ... in the Dungeon (Sprint II: "The Violet Keep of Menkaure").
             The game lasted 00:14:51 (590 turns).

JuniperTheExplorer the Fighter (Octopode Fighter)    Turns: 590, Time: 00:14:52

Health: -9/66      AC:  1    Str: 17    XL:     8   Next: 77%
Magic:  8/8        EV: 16    Int: 10    God:
Gold:   25         SH: 16    Dex: 13    Spells: 7/7 levels left

rFire    . . .     SeeInvis .   a - +1 long sword (vamp)
rCold    . . .     Faith    .   b - +0 kite shield
rNeg     . . .     Spirit   .   (helmet restricted)
rPois    .         Reflect  +   c - amulet of Renuulat {Reflect Dex+3 SH+5 Stlth+}
rElec    .         Harm     .   (no ring)
rCorr    .         Rampage  .   (no ring)
Will     .....     NoTele   +   (no ring)
Stlth    ++++......             (no ring)
HPRegen  0.21/turn              (no ring)
MPRegen  0.11/turn              (no ring)
                                (no ring)
                                (no ring)

@: unable to read
A: almost no armour, amphibious, 8 rings, camouflage 1, gelatinous body 1,
(nimble swimmer 1), tentacles, clumsy 1, screaming 1, inability to read while
threatened
a: no special abilities


You were in the Dungeon.
You visited 1 branch You collected 1863 gold pieces.
You spent 1838 gold pieces at shops.

Inventory:

Hand Weapons
 a - a +1 vampiric long sword (weapon)
Armour
 b - a +0 kite shield (worn)
Jewellery
 c - the amulet of Renuulat (around mantle) {Reflect Dex+3 SH+5 Stlth+}
   (You bought it in a shop in the Dungeon)

   [amulet of reflection]

   It reflects blocked missile attacks.
   Dex:       It affects your dexterity (+3).
   SH:        It affects your SH (+5).
   Stlth:     It makes you more stealthy.
Scrolls
 i - a scroll of blinking
 j - a scroll of fear
Potions
 d - a potion of curing
 f - a potion of haste
 g - 2 potions of magic
 h - a potion of berserk rage


   Skills:
 + Level 10.8 Fighting
 + Level 7.9 Long Blades
 + Level 10.7 Dodging
 + Level 1.9 Stealth
 + Level 9.9 Shields


You had 7 spell levels left.
You didn't know any spells.
Your spell library was empty.

Dungeon Overview and Level Annotations

Branches:
Dungeon (1/1)

Altars:
Cheibriados
Dithmenos
Elyvilon
Fedhas
Gozag
Hepliaklqana
Kikubaaqudgha
Makhleb
Nemelex Xobeh
Qazlal
Ru
Sif Muna
Trog
Uskayaw
Wu Jian
Xom
Yredelemnul
Beogh
Jiyva
Lugonu

Shops:
D (=:(!![!=??[:?=

Annotations:
D exclusion: oklob plant


Innate Abilities, Weirdness & Mutations

You cannot wear most types of armour.
You are amphibious.
You can wear up to eight rings at the same time.
Your skin changes colour to match your surroundings (Stealth+).
Your rubbery body absorbs attacks. (AC +1, EV +1)
((You are camouflaged near water. (Stealth+)))
You have tentacles for arms and can constrict up to eight enemies at once.
You are clumsy. (Dex -2)
You occasionally shout uncontrollably at your foes.
You sometimes lose the ability to read scrolls when taking damage.


Message History

The polar bear closely misses you. You block the polar bear's attack.
The polar bear claws you. You block the polar bear's attack.
The polar bear claws you. The polar bear closely misses you.
The polar bear bites you! The polar bear barely misses you.
You block the polar bear's attack.
You cannot read scrolls in your current state!
You feel much better.
The yaktaur is engulfed in a cloud of scalding steam.
You block the polar bear's attack. x2; The polar bear misses you.
You block the polar bear's attack. The polar bear closely misses you. x2
You hit the hornet. Your grab misses the hornet.
The hornet is lightly wounded.
You block the hornet's attack. x2; The polar bear completely misses you.
You block the polar bear's attack. The polar bear claws you.
The polar bear barely misses you. The polar bear claws you.
You block the polar bear's attack.
You barely miss the hornet. Your grab misses the hornet.
The hornet is lightly wounded.
The hornet stings you!
You feel yourself slow down. The polar bear bites you.
The polar bear claws you. The polar bear misses you.
You block the polar bear's attack. x2; The polar bear claws you.
You block the hornet's attack. You block the hornet's attack.
You block the polar bear's attack. x2
The polar bear completely misses you. You block the hornet's attack.
As you open the door, it creaks loudly!
You feel yourself speed up. You block the hornet's attack.
The polar bear barely misses you. The polar bear closely misses you.
You block the polar bear's attack. The polar bear bites you.
You block the polar bear's attack. The polar bear barely misses you.
The hornet barely misses you. The polar bear completely misses you.
You riposte.
You hit the polar bear but do no damage.
The polar bear is moderately wounded.
The polar bear completely misses you. The polar bear claws you.
The polar bear bites you!
* * * LOW HITPOINT WARNING * * *
The polar bear barely misses you. The polar bear claws you.
* * * LOW HITPOINT WARNING * * *
The hornet stings you!!
You die...

####≈≈#+++#+++##***^^,,*,**,,****
###≈≈≈.........#,,+,,,,*,,*,,*,,,
..#≈≈≈≈.##+##..#,,****,*,,*,,*,,,
..#≈≈≈≈##.#.##.####,,+^###*,,*,,,
..#≈≈≈≈#..#..#....#,,*...#****,,,
..#≈≈####...####..##**#..#*,**,,,
∩.#≈##.###÷###.##..#,,+..#,,#*,,,
.∩#≈#...##.###..#..#,,#..#,.#*,,,
∩.'≈'.#)'.<.'†##@.h####..##.#*,,=
..#≈#...##.###..#yh.§###...##▓▓▓▓
###≈##.###'# #.##ch§§§.≈≈≈≈≈≈≈≈≈≈
###≈≈####.######≈≈§§§..≈#+#######
+,##≈≈≈#.##..#≈≈≈≈§≈§.§≈#....._..
#+*#'#≈##...##≈≈≈≈§§≈≈§§#...._._.
#≈*#.#≈≈##+##≈≈≈§§§≈≈≈≈≈#..._._._
≈≈≈###*≈≈≈≈≈≈≈≈≈≈≈§§≈≈≈§#.._._._.
≈≈≈≈*,*'''#'''#≈§≈≈≈≈≈≈≈#._._._._


You could see 3 polar bears, a yaktaur and a hornet.

Vanquished Creatures
  A merfolk siren (D)
  A blink frog (D)
  2 neqoxecs (D)
  Menkaure (D)
  4 necrophages (D)
  4 scorpions (D)
13 creatures vanquished.

Vanquished Creatures (others)
  2 neqoxecs (D)
  A water moccasin (D)
3 creatures vanquished.

Grand Total: 16 creatures vanquished

Notes
Turn   | Place    | Note
-------+----------+-------------------------------------------
     0 | D        | JuniperTheExplorer the Octopode Fighter began the quest for
                  | the Orb.
     0 | D        | Reached XP level 1. HP: 16/16 MP: 1/1
     1 | D        | Noticed a scorpion
     1 | D        | Noticed a scorpion
     5 | D        | Noticed a merfolk siren
    14 | D        | Killed a merfolk siren
    15 | D        | Reached skill level 5 in Long Blades
    15 | D        | Reached XP level 2. HP: 28/28 MP: 2/2
    15 | D        | Reached XP level 3. HP: 33/33 MP: 3/3
    15 | D        | Reached XP level 4. HP: 39/39 MP: 4/4
    15 | D        | Reached XP level 5. HP: 44/44 MP: 5/5
    15 | D        | Reached XP level 6. HP: 50/50 MP: 6/6
    29 | D        | Noticed a necrophage
    29 | D        | Noticed a necrophage
    29 | D        | Noticed a necrophage
    29 | D        | Noticed a necrophage
    33 | D        | Killed a necrophage
    35 | D        | Killed a necrophage
    36 | D        | Reached XP level 7. HP: 44/56 MP: 7/7
   101 | D        | Noticed a neqoxec
   102 | D        | Gained mutation: You sometimes lose the ability to read
                  | scrolls when taking damage. [a neqoxec]
   107 | D        | Killed a neqoxec
   113 | D        | Killed a neqoxec
   116 | D        | Noticed a flying skull
   116 | D        | Noticed a flying skull
   116 | D        | Noticed a flying skull
   117 | D        | Noticed a flying skull
   117 | D        | Noticed a flying skull
   117 | D        | Noticed a flying skull
   118 | D        | Noticed a flying skull
   125 | D        | Noticed a neqoxec
   125 | D        | Gained mutation: You are clumsy. (Dex -2) [a neqoxec]
   130 | D        | Killed a neqoxec
   130 | D        | Gained mutation: You occasionally shout uncontrollably at
                  | your foes. [a neqoxec]
   131 | D        | Killed a neqoxec
   132 | D        | Reached skill level 10 in Fighting
   132 | D        | Reached XP level 8. HP: 64/64 MP: 8/8
   135 | D        | Noticed an ice statue
   156 | D        | Reached skill level 10 in Dodging
   305 | D        | Found Okhled's Jewellery Boutique.
   305 | D        | Found Efuof's Antique Armour Shop.
   305 | D        | Found Puxuluko's Book Shop.
   305 | D        | Found Magepiw's Magic Scroll Boutique.
   305 | D        | Found Utenuit's Magic Scroll Boutique.
   305 | D        | Found Saullit's Jewellery Shop.
   306 | D        | Found Nugoj's Distillery.
   307 | D        | Found Vujuura's Antique Armour Shop.
   307 | D        | Found Beopsoig's Distillery.
   307 | D        | Noticed a yak
   308 | D        | Found Paph's Magic Scroll Boutique.
   309 | D        | Found Atasi's Distillery.
   309 | D        | Found Ygreom's Weapon Boutique.
   309 | D        | Noticed Menkaure
   309 | D        | Noticed a yak
   309 | D        | Noticed a yak
   309 | D        | Noticed an oklob plant
   310 | D        | Found Ocesiure's Jewellery Shop.
   310 | D        | Found Sisagg's Antique Weapon Boutique.
   310 | D        | Found Kemm's Book Shoppe.
   323 | D        | Killed Menkaure
   348 | D        | Noticed a redback
   356 | D        | Noticed a redback
   405 | D        | Bought a scroll of acquirement for 676 gold pieces
   405 | D        | Acquired 874 gold pieces
   429 | D        | Bought a scroll of brand weapon for 280 gold pieces
   434 | D        | Bought a scroll of enchant weapon for 90 gold pieces
   434 | D        | Bought a scroll of magic mapping for 42 gold pieces
   451 | D        | Bought the amulet of Renuulat {Reflect Dex+3 SH+5 Stlth+}
                  | for 645 gold pieces
   478 | D        | Bought a potion of heal wounds for 60 gold pieces
   494 | D        | Bought a scroll of fear for 45 gold pieces
   503 | D        | Noticed a blink frog
   506 | D        | Killed a blink frog
   507 | D        | Reached skill level 1 in Stealth
   522 | D        | Noticed a flying skull
   541 | D        | Noticed a flying skull
   542 | D        | Noticed a flying skull
   542 | D        | Noticed a flying skull
   543 | D        | Noticed a flying skull
   561 | D        | Found an opulent altar of Gozag.
   562 | D        | Found a blossoming altar of Fedhas.
   563 | D        | Found a white marble altar of Elyvilon.
   563 | D        | Found a burning altar of Makhleb.
   564 | D        | Found a shadowy altar of Dithmenos.
   564 | D        | Found a corrupted altar of Lugonu.
   565 | D        | Found a sparkling altar of Nemelex Xobeh.
   565 | D        | Found a hide-covered altar of Uskayaw.
   566 | D        | Found a snail-covered altar of Cheibriados.
   566 | D        | Found an ancient bone altar of Kikubaaqudgha.
   566 | D        | Found a bloodstained altar of Trog.
   567 | D        | Found a viscous altar of Jiyva.
   567 | D        | Found a shimmering blue altar of Sif Muna.
   567 | D        | Found a basalt altar of Yredelemnul.
   569 | D        | Found a hazy altar of Hepliaklqana.
   569 | D        | Found a sacrificial altar of Ru.
   570 | D        | Found a stormy altar of Qazlal.
   570 | D        | Found an ornate altar of the Wu Jian Council.
   570 | D        | Found a shimmering altar of Xom.
   570 | D        | Noticed a polar bear
   570 | D        | Noticed a polar bear
   572 | D        | Noticed a polar bear
   574 | D        | Noticed a yaktaur
   576 | D        | Noticed a hornet
   590 | D        | Mangled by a hornet

Illustrated notes

Levels and vault maps discovered:
D:        the_violet_keep_of_menkaure [sprint2_stairs_cluster_1,
          sprint2_shoproom, sprint2_temple, sprint2_basic_supplies,
          sprint2_obstacle_2, sprint2_obstacle_6, sprint2_obstacle_1,
          sprint2_obstacle_5, sprint2_obstacle_3, sprint2_timed_cluster_1,
          sprint2_smallroom_cluster_1, sprint2_smallroom_final_cluster_1,
          sprint2_transparent_cluster_1, sprint2_second_timed_cluster_1,
          sprint2_sniper_area_1, sprint2_heavy_combat_area_1,
          sprint2_mutation_trap_area_1, sprint2_forest_area_1,
          sprint2_light_combat_area_1, sprint2_behind_water_1,
          sprint2_near_end_vault_1]

Skill      XL: |  1  2  3  4  5  6  7  8 |
---------------+-------------------------+-----
Fighting       | 8 10 | 10.8
Long Blades    | 5 6 7 |  7.9
Dodging        | 8 9 10 | 10.7
Shields        | 7 8 9 |  9.9
Stealth        | 1 |  1.9

Action                   |  1- 3 |  4- 6 |  7- 9 || total
-------------------------+-------+-------+-------++-------
Melee: Long sword        |     5 |     4 |    38 ||    47
       Tentacles         |     1 |     2 |    12 ||    15
       Constrict         |     1 |     2 |    10 ||    13
  Use: Potion            |     2 |       |     1 ||     3
       Scroll            |       |       |     4 ||     4
 Stab: Sleeping          |       |       |     1 ||     1
Armor: Skin              |       |       |     1 ||     1
Dodge: Dodged            |       |       |    45 ||    45
Block: Kite shield       |       |       |    40 ||    40
       Rpst.: Long sword |       |       |     6 ||     6
